 Dungeon Crawl Stone Soup version 0.29.0-11-gd7f09526c8 (webtiles) character file.

Game seed: 11411913112765126785

11843 Powertoast the Grappler (level 11, 0/115 HPs)
             Began as a Troll Monk on Sept 3, 2022.
             Was a High Priest of Wu Jian.
             Slain by an eight-headed hydra (8 damage)
             ... on level 11 of the Dungeon.
             The game lasted 00:36:29 (9071 turns).

Powertoast the Grappler (Troll Monk)                Turns: 9071, Time: 00:36:29

Health: 0/115      AC: 10    Str: 21    XL:     11   Next: 54%
Magic:  10/10      EV: 11    Int:  6    God:    Wu Jian [*****.]
Gold:   1758       SH:  0    Dex: 16    Spells: 10/10 levels left

rFire   . . .      SeeInvis .     - Unarmed
rCold   + . .      Faith    .   (no shield)
rNeg    + . .      Spirit   .   G - +0 acid dragon scales
rPois   .          Reflect  .   (helmet restricted)
rElec   .          Harm     .   j - +0 cloak
rCorr   +          Rampage  .   (gloves unavailable)
Will    .....                   (boots unavailable)
Stlth   +.........              g - amulet of regeneration
HPRegen 1.89/turn               M - ring of positive energy
MPRegen 0.12/turn               I - ring of protection from cold

@: no status effects
A: large, unfitting armour, claws 3, regeneration 1, shaggy fur 1, tough skin 1
a: Renounce Religion, Wall Jump, Serpent's Lash, Heavenly Storm


You were on level 11 of the Dungeon.
You worshipped Wu Jian.
Wu Jian was extremely pleased with you.
You visited 3 branches of the dungeon, and saw 13 of its levels.
You also visited: Ossuary.

You collected 1758 gold pieces.

Inventory:

Hand Weapons
 b - a +2 sling of flaming
Armour
 a - a +0 robe
 j - a +0 cloak (worn)
 C - an orb of light
 G - +0 acid dragon scales (worn)
Jewellery
 g - an amulet of regeneration (around neck)
 s - a ring of flight
 y - a +6 ring of intelligence
 F - a ring of wizardry
 I - a ring of protection from cold (right claw)
 M - a ring of positive energy (left claw)
Wands
 h - a wand of digging (7)
 m - a wand of charming (32)
 n - a wand of light (5)
Scrolls
 f - a scroll of enchant weapon
 i - 2 scrolls of summoning
 r - 2 scrolls of blinking
 t - 3 scrolls of amnesia
 v - a scroll of silence {unknown}
 A - a scroll of magic mapping {unknown}
 B - a scroll of vulnerability {unknown}
 D - a scroll of teleportation {unknown}
 E - a scroll of brand weapon
 H - 2 scrolls of fog
 K - 2 scrolls of noise {unknown}
 L - a scroll of identify
Potions
 c - 5 potions of might
 d - a potion of invisibility {unknown}
 e - 8 potions of brilliance
 k - 3 potions of lignification
 l - 2 potions of ambrosia
 o - 5 potions of heal wounds {unknown}
 p - 3 potions of magic {unknown}
 q - a potion of attraction {unknown}
 u - 3 potions of curing
 w - a potion of haste
 x - 4 potions of flight {unknown}
 z - 17 potions of degeneration
 J - a potion of mutation {unknown}


   Skills:
 * Level 9.4 Fighting
 + Level 4.2 Armour
 + Level 5.3 Dodging
 - Level 1.0 Stealth
 + Level 13.3 Unarmed Combat


You had 10 spell levels left.
You didn't know any spells.
Your spell library contained the following spells:

 Spells                   Type           Power      Damage    Failure   Level
 Apportation              Tloc           0%         N/A       54%         1
 Necrotise                Necr           0%         1d4       54%         1
 Summon Small Mammal      Summ           0%         N/A       54%         1
 Blink                    Tloc           0%         N/A       67%         2
 Ensorcelled Hibernation  Hex/Ice        0%         N/A       67%         2
 Passwall                 Tmut/Erth      0%         N/A       67%         2
 Static Discharge         Conj/Air       0%         3-3/arc   67%         2
 Swiftness                Air            0%         N/A       88%         3
 Fireball                 Conj/Fire      0%         3d3       100%        5
 Iskenderun's Battlesphe  Conj           0%         2d6       100%        5
 Lightning Bolt           Conj/Air       0%         1d11      100%        5
 Manifold Assault         Tloc           0%         N/A       100%        5
 Conjure Ball Lightning   Conj/Air       0%         3x3d6     100%        6
 Orb of Destruction       Conj           0%         9d5       100%        7
 Storm Form               Tmut/Air       0%         N/A       100%        7
 Maxwell's Capacitive Co  Air            0%         ∞         100%        8


Dungeon Overview and Level Annotations

Branches:
Dungeon (11/15)            Temple (1/1) D:7             Orc (1/2) D:10
Ossuary (visited)
   Lair: D:8-11

Altars:
Ashenzari
Cheibriados
Dithmenos
Elyvilon
Fedhas
Gozag
Hepliaklqana
Kikubaaqudgha
Makhleb
Nemelex Xobeh
Okawaru
Qazlal
Ru
Sif Muna
Trog
Uskayaw
Vehumet
Wu Jian
Xom
Yredelemnul
Zin
The Shining One


Innate Abilities, Weirdness & Mutations

You are too large for most types of armour.
You have claws for hands.
Your natural rate of healing is unusually fast.
You are covered in fur. (AC +1)
You have tough skin. (AC +1)


Message History

You feel sick.
You start resting.
You feel sick. x8
You are no longer poisoned.
You climb downwards.
The killer bee barely misses you. The boulder beetle bites you!
The killer bee stings you.
You are poisoned.
The killer bee poisons you!
The killer bee stings you but does no damage.
The boulder beetle bites you!
The boulder beetle leaps!
There is a stone staircase leading up, spattered with blood here.
You feel sick. The killer bee barely misses you.
The six-headed hydra bites you! The six-headed hydra bites you.
The six-headed hydra barely misses you. The six-headed hydra bites you!
The six-headed hydra misses you. The six-headed hydra bites you.
The boulder beetle bites you but does no damage.
The boulder beetle leaps!
The slime creature hits you! The killer bee stings you.
You climb upwards.
You feel sick.
There is a stone staircase leading down here.
You feel sick. The killer bee stings you. The six-headed hydra bites you!
* * * LOW HITPOINT WARNING * * *
The six-headed hydra completely misses you.
The six-headed hydra bites you but does no damage. x2
The six-headed hydra bites you!
* * * LOW HITPOINT WARNING * * *
The six-headed hydra bites you.
* * * LOW HITPOINT WARNING * * *
The boulder beetle leaps!
The slime creature barely misses you.
The killer bee stings you but does no damage.
You climb downwards.
You feel sick.
You are no longer poisoned.
The eight-headed hydra barely misses you.
The eight-headed hydra bites you.
* * * LOW HITPOINT WARNING * * *
The eight-headed hydra bites you.
* * * LOW HITPOINT WARNING * * *
The eight-headed hydra bites you.
* * * LOW HITPOINT WARNING * * *
The eight-headed hydra bites you!
You die...

## ## ## ## #).
?. .. .}# #...
.#. ...#
...#...#... ##
.#####. ##
.#..B#.Jy#.O.##
.....DD@D......
##...#B<.#...#.
## .#####. ##
...#...#?..
#... .#. ...#
#:. .. .. .|#
## ## ## ##


You could see 2 boulder beetles, an eight-headed hydra, a seven-headed hydra, a
six-headed hydra, a slime creature, an ogre mage and a killer bee.

Vanquished Creatures
  2 two-headed ogres
  Erica (D:8)
  Pikel (D:8)
  An orc knight (Orc:1)
  Maggie (D:7)
  A komodo dragon (D:10)
  3 trolls
  5 slime creatures (D:9)
  Sigmund (D:2)
  A shadow (D:9)
  A wraith (D:10)
  3 yaks (D:10)
  2 wargs (Orc:1)
  2 acid dragons (D:10)
  3 water moccasins
  2 orc warriors
  3 black bears
  An ice beast (D:6)
  3 sky beasts
  An ogre (Orc:1)
  2 phantoms (D:5)
  4 centaurs
  A lemure (D:8)
  2 kobold brigands
  A necrophage (D:5)
  3 elf zombies (Ossuary)
  3 bullfrogs
  2 scorpions
  14 wights
  13 killer bees
  4 howler monkeys
  4 centaur zombies
  A crimson imp (D:8)
  A quasit (D:7)
  A bullfrog skeleton (D:5)
  A centaur skeleton (D:5)
  4 jellies
  7 hounds
  6 human zombies (Ossuary)
  4 orc priests
  A gnoll bouda (D:7)
  Terence (D:2)
  5 iguanas
  6 orc wizards
  Natasha (thrice) (D:2)
  2 hound zombies (D:5)
  3 mummies (Ossuary)
  2 hound skeletons (D:5)
  A howler monkey zombie (D:5)
  Robin (D:2)
  18 gnolls
  16 adders
  A shadow imp (D:7)
  2 white imps (D:7)
  8 ufetubi
  5 worms
  A dart slug (D:5)
  26 orcs
  6 ball pythons
  8 endoplasms
  A giant cockroach (D:4)
  18 goblins
  6 hobgoblins
  8 jackals
  12 kobolds
  4 quokkas
  A bat (D:2)
  A frilled lizard (D:1)
  5 rats
288 creatures vanquished.

Vanquished Creatures (others)
  3 demonic plants (D:7)
  3 plants (D:6)
  A withered plant (D:5)
7 creatures vanquished.

Grand Total: 295 creatures vanquished

Notes
Turn   | Place    | Note
-------+----------+-------------------------------------------
     0 | D:1      | Powertoast the Troll Monk began the quest for the Orb.
     0 | D:1      | Reached XP level 1. HP: 22/22 MP: 0/0
   355 | D:1      | Found a faded altar of an unknown god.
   363 | D:1      | Reached XP level 2. HP: 29/29 MP: 1/1
  1071 | D:2      | Reached XP level 3. HP: 36/36 MP: 2/2
  1167 | D:2      | Noticed Natasha
  1177 | D:2      | Killed Natasha
  1178 | D:2      | Reached skill level 4 in Unarmed Combat
  1206 | D:2      | Noticed Robin
  1208 | D:2      | Noticed Terence
  1218 | D:2      | Reached XP level 4. HP: 44/44 MP: 3/3
  1236 | D:2      | Killed Terence
  1243 | D:2      | Killed Robin
  1360 | D:2      | Reached XP level 5. HP: 33/53 MP: 4/4
  1365 | D:2      | Reached skill level 5 in Unarmed Combat
  1476 | D:2      | Noticed Natasha
  1501 | D:2      | Killed Natasha
  1536 | D:2      | Noticed Sigmund
  1839 | D:2      | Noticed Natasha
  1852 | D:2      | Killed Natasha
  2174 | D:3      | Reached skill level 6 in Unarmed Combat
  2174 | D:3      | Reached XP level 6. HP: 45/61 MP: 5/5
  2306 | D:3      | Found an opulent altar of Gozag.
  2942 | D:4      | Found a hide-covered altar of Uskayaw.
  3070 | D:4      | Reached skill level 7 in Unarmed Combat
  3124 | D:4      | Reached XP level 7. HP: 63/67 MP: 6/6
  3130 | D:4      | You are sucked into a shaft and drop 3 floors!
  3144 | D:7      | Identified a scroll of acquirement
  3144 | D:7      | Acquired 870 gold pieces
  3340 | D:7      | Reached skill level 8 in Unarmed Combat
  3440 | D:7      | Found a staircase to the Ecumenical Temple.
  3452 | Temple   | Entered the Ecumenical Temple
  3736 | D:6      | Reached skill level 9 in Unarmed Combat
  3750 | D:6      | Reached XP level 8. HP: 58/74 MP: 7/7
  3826 | D:6      | Reached skill level 10 in Unarmed Combat
  3863 | D:5      | Entered Level 5 of the Dungeon
  3863 | D:5      | Found a sand-covered staircase.
  3874 | Ossuary  | Entered an ossuary
  4019 | Ossuary  | Reached skill level 11 in Unarmed Combat
  4131 | D:5      | Found a radiant altar of Vehumet.
  4150 | D:5      | Found a snail-covered altar of Cheibriados.
  4164 | D:5      | Reached XP level 9. HP: 79/79 MP: 8/8
  4165 | D:5      | Found an ornate altar of the Wu Jian Council.
  4165 | D:5      | Found a sparkling altar of Nemelex Xobeh.
  4170 | D:5      | Found an iron altar of Okawaru.
  4170 | D:5      | Found a shadowy altar of Dithmenos.
  4181 | D:5      | Found a glowing silver altar of Zin.
  4186 | D:5      | Became a worshipper of the Wu Jian Council
  4186 | D:5      | Reached * piety under Wu Jian
  4186 | D:5      | Reached ** piety under Wu Jian
  4343 | D:5      | Reached skill level 12 in Unarmed Combat
  4532 | D:5      | Identified the +10 trident of Plague {vorpal, Will+ Str-2
                  | Int+3}
  5106 | D:2      | Killed Sigmund
  5254 | D:6      | Reached skill level 5 in Fighting
  5681 | D:6      | Found a blossoming altar of Fedhas.
  5786 | D:7      | Identified the +4 dagger of the Asp {drain, rF+ Will-
                  | Str+5}
  5792 | D:7      | Reached *** piety under Wu Jian
  5834 | D:7      | Noticed Maggie
  5845 | D:7      | Killed Maggie
  5846 | D:7      | Reached XP level 10. HP: 67/100 MP: 9/9
  6341 | D:8      | Found a shimmering blue altar of Sif Muna.
  6347 | D:8      | Reached skill level 1 in Armour
  6398 | D:8      | Noticed Erica
  6419 | D:8      | HP: 5/102 [rock wall collision (1)]
  6420 | D:8      | Killed Erica
  6660 | D:8      | Reached **** piety under Wu Jian
  6697 | D:8      | Noticed Pikel
  6698 | D:8      | Found a stormy altar of Qazlal.
  6707 | D:8      | Killed Pikel
  6765 | D:8      | Found a burning altar of Makhleb.
  6938 | D:8      | Noticed a two-headed ogre
  6947 | D:8      | Killed a two-headed ogre
  7160 | D:9      | Noticed a two-headed ogre
  7175 | D:9      | Killed a two-headed ogre
  7176 | D:9      | Reached XP level 11. HP: 28/113 MP: 10/10
  7234 | D:9      | Reached skill level 13 in Unarmed Combat
  7351 | D:9      | Found a broken altar of Ashenzari.
  7939 | D:10     | Entered Level 10 of the Dungeon
  8039 | D:10     | Identified the +2 helmet "Xaolidef" {*Slow Fly rC++ rCorr}
  8148 | D:10     | Reached skill level 5 in Dodging
  8253 | D:10     | Found a staircase to the Orcish Mines.
  8262 | Orc:1    | Entered Level 1 of the Orcish Mines
  8306 | Orc:1    | Noticed an orc knight
  8318 | Orc:1    | Killed an orc knight
  8688 | D:10     | Identified the +0 leather armour "Oraud" {rElec rCorr
                  | Str-4}
  8778 | D:10     | Found an ancient bone altar of Kikubaaqudgha.
  8778 | D:10     | Found a white marble altar of Elyvilon.
  9029 | D:11     | Noticed an eight-headed hydra
  9029 | D:11     | Noticed a boulder beetle
  9029 | D:11     | Noticed an ogre mage
  9029 | D:11     | Noticed a seven-headed hydra
  9029 | D:11     | Noticed a boulder beetle
  9029 | D:11     | Noticed a boulder beetle
  9029 | D:11     | Noticed a six-headed hydra
  9033 | D:10     | Reached ***** piety under Wu Jian
  9071 | D:11     | Slain by an eight-headed hydra

Illustrated notes

Levels and vault maps discovered:
D:1:      minmay_arrival_checkered_box, layout_basic,
          dreamdust_ecumenical_altar_grove
D:2:      layout_loops_corners, uniq_robin, uniq_terence, uniq_sigmund,
          uniq_natasha
D:3:      layout_loops_ring, mainiacjoe_overflow_chevrons
D:4:      layout_basic, mainiacjoe_overflow_surrounded_room, minmay_unequal
D:5:      minmay_razor_zed, layout_rooms, grunt_temple_overflow_open,
          lemuel_round_altar, lightli_ossuary_entry_decrepit_ruins,
          serial_undead, serial_undead_f, serial_undead_e, serial_undead_c,
          serial_undead_d
D:6:      layout_loops_ring, fedhas_ov_isle_minmay
D:7:      layout_basic, minmay_temple_entry_offerings, serial_demonic,
          serial_demonic_b, serial_demonic_d, serial_demonic_b,
          serial_demonic_e, serial_demonic_e, serial_demonic_b,
          serial_demonic_f, serial_demonic_c,
          nicolae_concentric_dashed_squares_wild, uniq_maggie
D:8:      layout_basic, nicolae_qazlal_scattered_showers,
          mainiacjoe_overflow_tiny_flanked, makhleb_grotto_becter, uniq_pikel,
          uniq_erica
D:9:      layout_basic, old_standard_altar
D:10:     minmay_general_purpose_star, layout_basic,
          gammafunk_temple_overflow_elements, enter_bailey_7
D:11:     minmay_ambush_box, layout_loops_ring, david_lair_shrubbed,
          hangedman_glass_teeth, nrook_guardian_serpent_double, uniq_harold,
          uniq_nergalle
Temple:   hellmonk_temple_beads
Orc:1:    layout_diamond_mine, gammafunk_ghost_berserking_beasts

Skill      XL: |  1  2  3  4  5  6  7  8  9 10 11 |
---------------+----------------------------------+-----
Unarmed Combat | 4 6 7 9 11 12 13 | 13.3
Fighting       | 3 6 8 9 |  9.4
Dodging        | 3 4 5 |  5.3
Armour         | 3 4 |  4.2
Stealth        | |  1.0

Action                   |  1- 3 |  4- 6 |  7- 9 | 10-12 || total
-------------------------+-------+-------+-------+-------++-------
Melee: Unarmed           |    67 |   190 |   354 |   256 ||   867
       Punch             |     1 |     7 |    18 |     5 ||    31
 Fire: Sling             |       |     6 |       |       ||     6
Invok: Lunge             |       |       |    14 |    31 ||    45
       Whirlwind         |       |       |    14 |    35 ||    49
 Abil: Wall Jump         |       |       |     7 |     6 ||    13
  Use: Scroll            |       |       |     9 |       ||     9
 Stab: Sleeping          |     1 |     4 |     2 |       ||     7
Armor: Robe              |    24 |    55 |    98 |       ||   177
       Acid dragon scale |       |       |       |    56 ||    56
Dodge: Dodged            |    26 |    95 |   194 |    99 ||   414
